 Dungeon Crawl Stone Soup version 0.27-a0-1191-g601b473118 (webtiles) character file.

Game seed: 2152971853426189691

102 tilp the Skirmisher (level 4, -6/40 HPs)
             Began as a Demigod Fighter on May 23, 2021.
             Mangled by a gnoll
             ... wielding a +1 flail of venom
              (9 damage)
             ... on level 3 of the Dungeon.
             The game lasted 00:03:07 (3116 turns).

tilp the Skirmisher (Demigod Fighter)               Turns: 3116, Time: 00:03:08

Health: -6/40      AC:  8    Str: 21    XL:     4   Next: 25%
Magic:  6/6        EV:  5    Int: 10    God:
Gold:   80         SH:  9    Dex: 13    Spells: 3/3 levels left

rFire    . . .     SeeInvis .   a - +0 flail
rCold    . . .     Faith    .   c - +0 kite shield
rNeg     . . .     Spirit   .   g - +0 chain mail
rPois    .         Reflect  .   (no helmet)
rElec    .         Harm     .   (no cloak)
rCorr    .         Rampage  .   (no gloves)
Will     .....                  (no boots)
Stlth    ..........             (no amulet)
HPRegen  0.13/turn              e - ring of flight
MPRegen  0.10/turn              (no ring)

@: lethally poisoned (-6 -> -19), about to teleport, flying
A: high mp 1, forlorn
a: no special abilities


You were on level 3 of the Dungeon.
You visited 1 branch of the dungeon, and saw 3 of its levels.
You also visited: Sewer.

You collected 80 gold pieces.

Inventory:

Hand Weapons
 a - a +0 flail (weapon)
Armour
 c - a +0 kite shield (worn)
 g - a +0 chain mail (worn)
Jewellery
 e - a ring of flight (left hand)
Scrolls
 d - 2 scrolls of blinking {unknown}
 i - 2 scrolls of fog
 j - a scroll of identify
Potions
 f - 6 potions of flight
 h - a potion of magic {unknown}
 k - a potion of curing
 l - a potion of heal wounds {unknown}


   Skills:
 + Level 3.9 Fighting
 + Level 3.3 Maces & Flails
 - Level 2.6 Armour
 - Level 2.6 Shields


You had 3 spell levels left.
You didn't know any spells.
Your spell library contained the following spells:

 Spells                   Type           Power      Damage    Failure   Level
 Animate Skeleton         Necr           0%         N/A       100%        1
 Apportation              Tloc           0%         N/A       100%        1
 Corona                   Hex            0%         N/A       100%        1
 Summon Small Mammal      Summ           0%         N/A       100%        1


Dungeon Overview and Level Annotations

Branches:
Dungeon (3/15)              Sewer (visited)


Innate Abilities, Weirdness & Mutations

Your attributes grow dramatically as you level up.
You have an increased reservoir of magic. (+10% MP)
You shall have no god before yourself.


Message History

The gnoll hits you with a +1 flail of venom.
You are more poisoned.
Unknown command.
You hit the gnoll.
The gnoll is moderately wounded.
You feel very sick.
The gnoll splashes around in the water.
Unknown command.
You closely miss the gnoll.
The gnoll is moderately wounded.
You feel very sick. You block the gnoll's attack.
Unknown command.
You closely miss the gnoll.
The gnoll is moderately wounded.
You feel very sick. The gnoll closely misses you. You block the gnoll's attack.
The gnoll splashes around in the water.
The gnoll hits you from afar with a +0 halberd.
* * * LOW HITPOINT WARNING * * *
As you read the scroll of teleportation, it crumbles to dust.
You feel strangely unstable.
You feel sick. The gnoll hits you but does no damage.
The gnoll splashes around in the water.
Unknown command.
You feel better.
The gnoll hits you with a +1 flail of venom.
You are poisoned.
The gnoll hits you from afar with a +0 halberd!
* * * LOW HITPOINT WARNING * * *
Unknown command.
You barely miss the gnoll.
The gnoll is moderately wounded.
You feel very sick.
The gnoll hits you with a +1 flail of venom.
* * * LOW HITPOINT WARNING * * *
You are lethally poisoned!
The gnoll hits you from afar with a +0 halberd.
* * * LOW HITPOINT WARNING * * *
The gnoll hits you with a +1 flail of venom!
You die...

####### ##≈≈≈≈@#
####.≈≈≈g†#
#.....≈≈gg#
####......≈≈≈#
?............#
....####....###......
.....?##....###......
......##..........###
#.....##..........#


You could see 3 gnolls.

Vanquished Creatures
  4 adders
  A river rat (D:3)
  2 dart slugs
  8 endoplasms
  3 giant cockroaches (D:2)
  3 goblins
  2 hobgoblins (D:2)
  5 jackals
  5 kobolds
  6 ball pythons
  12 frilled lizards
  3 rats
54 creatures vanquished.

Notes
Turn   | Place    | Note
-------+----------+-------------------------------------------
     0 | D:1      | tilp the Demigod Fighter began the quest for the Orb.
     0 | D:1      | Reached XP level 1. HP: 18/18 MP: 3/3
   611 | D:1      | Reached XP level 2. HP: 25/26 MP: 4/4
  1732 | D:2      | Reached XP level 3. HP: 27/31 MP: 5/5
  2528 | D:3      | Reached XP level 4. HP: 20/40 MP: 6/6
  2715 | D:3      | Found a glowing drain.
  2727 | Sewer    | Entered a sewer
  2756 | Sewer    | Noticed Purgy
  3116 | D:3      | Mangled by a gnoll

Illustrated notes

Levels and vault maps discovered:
D:1:      dpeg_arrival_signposts, layout_loops_ring,
          shapermc_ecumenical_altar_hornbeckon
D:2:      layout_basic, minmay_cupped
D:3:      layout_basic, portal_sewer_entry_b, chequers_serial_rivers_micro_a

Skill      XL: |  1  2  3 |
---------------+----------+-----
Maces & Flails | 2 3 |  3.3
Fighting       | 3 |  3.9
Armour         | |  2.6
Shields        | |  2.6

Action                   |  1- 3 |  4- 6 || total
-------------------------+-------+-------++-------
Melee: Flail             |   144 |    53 ||   197
  Use: Scroll            |     5 |     2 ||     7
       Potion            |     2 |     1 ||     3
Armor: Scale mail        |    23 |       ||    23
       Chain mail        |    67 |    37 ||   104
Dodge: Dodged            |    37 |    23 ||    60
Block: Kite shield       |    77 |    43 ||   120

Table legend: (Time is in decaauts)
 A = Elapsed time spent in this place.
 B = Non-inter-level travel time spent in this place.
 C = Inter-level travel time spent in this place.
 D = Time resting spent in this place.
 E = Time spent auto-exploring this place.
 F = Levels seen in this place.
 G = Mean time per level.
                   A        B        C        D        E       F      G
               +--------+--------+--------+--------+--------+-----+--------+
         Total |   3217 |   3126 |     91 |    323 |   2104 |   4 |  804.2 |
       Dungeon |   2823 |   2732 |     91 |    166 |   2093 |   3 |  941.0 |
         Sewer |    393 |    393 |      0 |    157 |     11 |   1 |  393.0 |
               +--------+--------+--------+--------+--------+-----+--------+

Top non-repeatable levels by time:
     D:1: 1382 daAuts
     D:2: 1108 daAuts
   Sewer: 393 daAuts
     D:3: 332 daAuts
